AoeStats
← Reis

African Clearing

504345578Analyzed
4v4 RM · 29d ago on Sep 5, 2026· 56m 4s· 8 players
Game mode
Random Map
Map size
Large (8 player)
Population
200
Speed
Normal
Resources
Standard
Victory
Conquest
Starting age
Dark Age
Ending age
Imperial Age
RankedLock teamsTeams togetherTeam positionsShared explorationLock speedFull tech treeHidden civsTurbo modeCheats
Victory
Defeat
🇨🇭 Bulgarians · Switzerland
1418
+14
🇨🇦 Malians · Canada
1381
+16
🇺🇸 Mongols · United States
1355
+17
🇲🇽 Lithuanians · Mexico
1350
+17
🇦🇷 Japanese · Argentina
1440
-19
🇦🇷 Spanish · Argentina
1412
-17
🇨🇳 Spanish · China
1330
-14
🇦🇷 Cumans · Argentina
1325
-14
HilkZ
4:26 Loom
13:25 Feudal Age
19:43 Castle Age
18:11 Double-Bit Axe
18:08 Horse Collar
20:02 Wheelbarrow
20:37 Bow Saw
21:44 Heavy Plow
23:38 Forging
23:42 Gold Mining
24:55 Hand Cart
24:28 Town Watch
24:49 Scale Mail Armor
28:09 Chain Mail Armor
30:13 Iron Casting
29:59 Tigui
30:53 Squires
30:42 Arson
36:47 Imperial Age
34:59 Fortified Wall
35:13 Ballistics
35:24 Treadmill Crane
35:43 Stone Mining
36:29 Gold Shaft Mining
36:22 Man-at-Arms
38:07 Plate Mail Armor
38:00 Conscription
37:05 Elite Gbeto
37:23 Long Swordsman
39:25 Chemistry
37:55 Capped Ram
38:06 Two-Handed Swordsman
39:02 Champion
43:07 Masonry
42:53 Murder Holes
42:48 Guard Tower
45:55 Stone Shaft Mining
46:23 Architecture
46:29 Keep
46:16 Farimba
49:02 Crop Rotation
50:00 Heated Shot
50:02 Fletching
50:18 Scale Barding Armor
51:34 Heavy Camel Rider
52:16 Husbandry
52:27 Bloodlines
52:38 Chain Barding Armor
54:40 Plate Barding Armor
PMMePizza
9:23 Loom
11:20 Feudal Age
17:18 Castle Age
15:22 Stone Mining
18:09 Fletching
20:19 Double-Bit Axe
27:17 Bloodlines
28:19 Ballistics
28:55 Padded Archer Armor
30:30 Bodkin Arrow
34:49 Leather Archer Armor
35:18 Gold Mining
38:25 Husbandry
46:36 Imperial Age
46:41 Bow Saw
47:28 Wheelbarrow
48:11 Wheelbarrow
48:40 Thumb Ring
49:10 Conscription
49:29 Elite Mangudai
50:52 Hand Cart
52:59 Chemistry
52:01 Bracer
55:27 Parthian Tactics
55:24 Drill
55:13 Capped Ram
Reis
5:57 Loom
8:34 Loom
18:22 Feudal Age
25:19 Castle Age
26:25 Fletching
27:04 Bodkin Arrow
Manee
3:45 Loom
13:40 Feudal Age
14:14 Double-Bit Axe
23:24 Castle Age
38:44 Wheelbarrow
42:08 Horse Collar
42:40 Bow Saw
仙逆许木
8:39 Loom
14:14 Feudal Age
15:30 Double-Bit Axe
17:46 Castle Age
22:57 Padded Archer Armor
28:28 Wheelbarrow
32:23 Fletching
34:25 Gold Mining
35:08 Bodkin Arrow
Tuvieja
5:29 Loom
13:39 Feudal Age
14:44 Double-Bit Axe
14:39 Horse Collar
23:24 Town Watch
27:01 Fletching
29:29 Castle Age
29:13 Gold Mining
29:15 Stone Mining
29:31 Padded Archer Armor
30:23 Bodkin Arrow
30:44 Leather Archer Armor
31:57 Ballistics
42:34 Imperial Age
40:41 Wheelbarrow
40:11 Town Patrol
42:36 Scale Barding Armor
43:47 Hand Cart
43:44 Bow Saw
43:34 Heavy Plow
44:10 Gold Shaft Mining
44:08 Ring Archer Armor
44:16 Capped Ram
46:20 Chemistry
46:54 Conscription
46:46 Steppe Husbandry
46:58 Bloodlines
46:09 Light Cavalry
49:04 Hussar
50:05 Chain Barding Armor
49:56 Forging
57:02 Hoardings
Te_Detono_FaciL
3:53 Loom
16:05 Feudal Age
17:04 Double-Bit Axe
21:15 Fletching
33:06 Castle Age
37:10 Castle Age
38:56 Wheelbarrow
38:07 Town Watch
39:28 Bow Saw
39:03 Horse Collar
Juanki
6:57 Loom
13:51 Feudal Age
18:35 Castle Age
16:46 Double-Bit Axe
16:48 Town Watch
17:47 Wheelbarrow
20:52 Hand Cart
22:33 Bow Saw
23:44 Town Watch
24:40 Fletching
24:42 Gold Mining
24:42 Stone Mining
24:43 Gold Mining
26:07 Thumb Ring
32:27 Horse Collar
35:58 Bloodlines
35:48 Husbandry
37:07 Bodkin Arrow
37:14 Padded Archer Armor
41:08 Imperial Age
39:16 Ballistics
40:20 Man-at-Arms
40:47 Gambesons
41:40 Squires
42:03 Leather Archer Armor
41:59 Forging
41:53 Scale Mail Armor
41:54 Long Swordsman
Connection lost

Rejoining the realm…

Still unreachable

The connection could not be restored.

Session expired

The server has moved on; the page needs a fresh start.